 Dungeon Crawl Stone Soup version 0.28.0-53-g5a82cb258f (webtiles) character file.

Game seed: 13857077925394289695

521 protoss039 the Skirmisher (level 7, -16/54 HPs)
             Began as a Demonspawn Earth Elementalist on June 1, 2022.
             Demolished by Pikel
             ... wielding a +2 whip of electrocution
              (18 damage)
             ... on level 5 of the Dungeon.
             The game lasted 00:08:10 (6621 turns).

protoss039 the Skirmisher (DsEE)                    Turns: 6621, Time: 00:08:10

Health: -16/54     AC:  4    Str:  9    XL:     7   Next: 1%
Magic:  5/12       EV: 11    Int: 18    God:
Gold:   141        SH:  0    Dex: 13    Spells: 6/12 levels left

rFire   . . .      SeeInvis +   q - +0 mace (protect)
rCold   . . .      Faith    .   (no shield)
rNeg    . . .      Spirit   .   h - +0 leather armour
rPois   .          Reflect  .   r - +0 helmet
rElec   .          Harm     .   (no cloak)
rCorr   .          Rampage  .   (no gloves)
Will    .....                   (no boots)
Stlth   ++........              (no amulet)
HPRegen 0.18/turn               d - ring of see invisible
MPRegen 0.13/turn               (no ring)

@: no status effects
A: foul stench 1, powered by death 2, demonic touch 1
a: no special abilities


You were on level 5 of the Dungeon.
You visited 1 branch of the dungeon, and saw 5 of its levels.

You collected 141 gold pieces.

Inventory:

Hand Weapons
 q - a +0 mace of protection (weapon)
Missiles
 c - 92 stones
 j - a throwing net
Armour
 h - a +0 leather armour (worn)
 r - a +0 helmet (worn)
Jewellery
 d - a ring of see invisible (left hand)
Scrolls
 f - a scroll of amnesia
 i - 4 scrolls of identify {unknown}
 k - a scroll of teleportation {unknown}
 l - a scroll of brand weapon {unknown}
 m - a scroll of enchant armour {unknown}
 n - a scroll of silence {unknown}
 p - a scroll of noise {unknown}
Potions
 a - a potion of mutation {unknown}
 b - a potion of might {unknown}
 e - 2 potions of berserk rage {unknown}
 g - 2 potions of curing {unknown}
 o - 2 potions of heal wounds {unknown}


   Skills:
 * Level 4.1 Fighting
 + Level 2.6 Armour
 - Level 1.7 Dodging
 - Level 1.7 Stealth
 + Level 3.4 Spellcasting
 - Level 2.0 Conjurations
 - Level 1.0 Transmutations
 + Level 3.8 Earth Magic


You had 6 spell levels left.
You knew the following spells:

 Your Spells              Type           Power      Damage    Failure   Level
a - Sandblast             Erth           34%        2d9       4%          1
b - Passwall              Tmut/Erth      9%         N/A       12%         2
c - Stone Arrow           Conj/Erth      26%        3d8       19%         3

Your spell library contained the following spells:

 Spells                   Type           Power      Damage    Failure   Level
 Beastly Appendage        Tmut           12%        N/A       14%         1
 Summon Small Mammal      Summ           12%        N/A       22%         1
 Wereblood                Tmut           6%         N/A       22%         2
 Spider Form              Tmut/Pois      4%         N/A       45%         3
 Call Canine Familiar     Summ           3%         N/A       54%         3
 Summon Guardian Golem    Hex/Summ       3%         N/A       54%         3
 Petrify                  Tmut/Erth      11%        N/A       61%         4
 Lee's Rapid Deconstruct  Erth           8%         3d8*      77%         5
 Fulminant Prism          Conj/Hex       3%         3d6       80%         4
 Iskenderun's Mystic Bla  Conj/Tloc      6%         2d4       80%         4
 Animate Dead             Necr           1%         N/A       91%         4
 Borgnjor's Vile Clutch   Necr/Erth      5%         N/A       95%         5
 Death Channel            Necr           1%         N/A       100%        6


Dungeon Overview and Level Annotations

Branches:
Dungeon (5/15)
 Temple: D:4-7

Altars:
Xom

Annotations:
D:2 Sigmund
D:3 3 runed translucent doors, EtherCrawl's ghost, amateur TeWn
D:4 2 transporters
D:5 Pikel


Innate Abilities, Weirdness & Mutations

You may rarely emit foul miasma when damaged in melee.
You regenerate health from kills.
Your touch may inflict minor irresistible damage on your foes.


Message History

Aim: Pikel, wielding a +2 whip of electrocution and wearing a +2 robe of willpower (74% to hit)
The blast of sand misses Pikel.
Pikel barely misses you.
Unknown command.
You closely miss Pikel. Your touch misses Pikel.
An adder comes into view.
Pikel hits you with a +2 whip of electrocution!
You completely miss Pikel.
The adder hisses angrily.
Pikel barely misses you.
You miss Pikel. Pikel misses you. Pikel barely misses you.
You closely miss Pikel.
Pikel hits you with a +2 whip of electrocution!
You are electrocuted!
You aren't carrying any items that you can evoke.
Okay, then.
Casting: Sandblast (safe; 4% risk of failure)
Confirm with . or Enter, or press ? or * to list all spells.
Aiming: Stone Arrow (dangerous; 19% risk of failure)
Press: ? - help, Shift-Dir - straight line, f/p - Pikel
Aim: Pikel, wielding a +2 whip of electrocution and wearing a +2 robe of willpower (60% to hit)
The stone arrow hits Pikel.
Pikel is lightly wounded.
Pikel hits you with a +2 whip of electrocution.
You are electrocuted!!
* * * LOW HITPOINT WARNING * * *
You emit a cloud of foul miasma!
Unknown command.
Pikel is engulfed in dark miasma.
Pikel is poisoned.
Unknown command.
Unknown command.
Unknown command.
Unknown command.
Pikel looks more healthy.
Items here: )))) [ รทรท.
You see here 11 arrows.
Pikel says, "You'll rot in Tartarus!"
Pikel hits you with a +2 whip of electrocution!
* * * LOW HITPOINT WARNING * * *
You are electrocuted!!
You die...

#.# #.# #.# #.#
#.# #.# #S# #K#
#@#
#.################
#.................
##################


You could see Pikel and an adder.

Vanquished Creatures
  A necrophage (D:4)
  2 lemures (D:5)
  2 scorpions
  2 orc priests
  A bullfrog skeleton (D:4)
  2 orc wizards
  A hound skeleton (D:4)
  Robin (D:3)
  4 gnolls
  3 adders
  2 worms (D:2)
  A dart slug (D:1)
  5 orcs
  4 bats
  8 endoplasms
  10 goblins
  13 hobgoblins
  2 jackals (D:3)
  4 quokkas
  8 ball pythons
  5 kobolds
  8 rats
89 creatures vanquished.

Vanquished Creatures (others)
  2 fungi (D:2)
  7 plants (D:2)
9 creatures vanquished.

Grand Total: 98 creatures vanquished

Notes
Turn   | Place    | Note
-------+----------+-------------------------------------------
     0 | D:1      | protoss039 the Demonspawn Earth Elementalist began the
                  | quest for the Orb.
     0 | D:1      | Reached XP level 1. HP: 13/13 MP: 3/3
    65 | D:1      | Reached skill level 1 in Transmutations
   105 | D:1      | Reached skill level 1 in Fighting
   105 | D:1      | Gained mutation: You may rarely emit foul miasma when
                  | damaged in melee. [demonic ancestry]
   105 | D:1      | Reached XP level 2. HP: 21/21 MP: 0/5
  1360 | D:1      | Gained mutation: You regenerate a little health from kills.
                  | [demonic ancestry]
  1360 | D:1      | Reached XP level 3. HP: 15/26 MP: 6/6
  1905 | D:2      | Found a faded altar of an unknown god.
  2180 | D:2      | Reached skill level 1 in Armour
  2188 | D:2      | HP: 1/26 [worm (7)]
  2597 | D:2      | Noticed Sigmund
  3604 | D:2      | Learned a level 2 spell: Passwall
  3608 | D:2      | Learned a level 3 spell: Stone Arrow
  3690 | D:3      | Reached skill level 2 in Fighting
  3874 | D:3      | Found a runed translucent gate.
  3875 | D:3      | Found a runed translucent gate.
  3875 | D:3      | Found a runed translucent gate.
  3878 | D:3      | Noticed EtherCrawl's ghost (amateur TeWn)
  3952 | D:3      | Reached XP level 4. HP: 33/33 MP: 5/7
  4104 | D:3      | Noticed a scorpion
  4114 | D:3      | Killed a scorpion
  4115 | D:3      | Reached skill level 1 in Conjurations
  4233 | D:3      | Gained mutation: Your touch may inflict minor irresistible
                  | damage on your foes. [demonic ancestry]
  4233 | D:3      | Reached XP level 5. HP: 27/39 MP: 4/9
  4405 | D:3      | Noticed Robin
  4538 | D:4      | Found a shimmering altar of Xom.
  4566 | D:4      | Noticed a necrophage
  4571 | D:4      | Reached skill level 3 in Fighting
  4577 | D:4      | Killed a necrophage
  4578 | D:4      | Reached XP level 6. HP: 12/47 MP: 0/10
  5362 | D:4      | Found a transporter.
  5375 | D:4      | Found a transporter.
  5383 | D:4      | Noticed a kobold demonologist
  5625 | D:3      | You fall into a shaft and drop 2 floors!
  5625 | D:5      | Entered Level 5 of the Dungeon
  5835 | D:3      | Killed Robin
  6290 | D:3      | Reached skill level 4 in Fighting
  6386 | D:5      | Gained mutation: You regenerate health from kills. [demonic
                  | ancestry]
  6386 | D:5      | Reached XP level 7. HP: 51/54 MP: 1/12
  6573 | D:5      | Noticed Pikel
  6621 | D:5      | HP: 2/54 [Pikel/+2 whip of electrocution (7)]
  6621 | D:5      | Demolished by Pikel

Illustrated notes

Levels and vault maps discovered:
D:1:      pf_arrival_petrified_forest, layout_basic, minmay_ruptured
D:2:      layout_basic, shapermc_ecumenical_altar_mp_urbaneastern, uniq_sigmund
D:3:      layout_loops_ring, ebering_ghost_rock_garden, st_stairs_8, uniq_robin
D:4:      gammafunk_wand_slinger, layout_basic, xom_butterflies
D:5:      layout_basic, uniq_pikel

Skill      XL: |  1  2  3  4  5  6 |
---------------+-------------------+-----
Transmutations | 1 |  1.0
Fighting       | 1 2 3 4 |  4.1
Armour         | 1 2 |  2.6
Earth Magic    | 3 |  3.8
Conjurations   | 1 2 |  2.0
Spellcasting   | 3 |  3.4
Dodging        | |  1.7
Stealth        | |  1.7

Action                   |  1- 3 |  4- 6 |  7- 9 || total
-------------------------+-------+-------+-------++-------
Melee: Short sword       |   124 |    57 |       ||   181
       Punch             |     2 |     2 |       ||     4
       Touch             |       |     9 |       ||     9
       Mace              |       |    26 |    11 ||    37
 Cast: Sandblast         |    35 |    35 |     5 ||    75
       Stone Arrow       |     1 |    16 |     5 ||    22
  Use: Scroll            |       |     1 |       ||     1
 Stab: Sleeping          |     4 |     2 |       ||     6
Armor: Robe              |    11 |       |       ||    11
       Leather armour    |    15 |    33 |    10 ||    58
Dodge: Dodged            |    84 |    56 |     6 ||   146
